 Dungeon Crawl Stone Soup version 0.18.1-5-g4a78601 (webtiles) character file.

287 LORDOFBUTT the Covert (level 6, 0/36 HPs)
             Began as a Kobold Assassin on May 11, 2016.
             Killed by nerve-wracking pain
             ... invoked by an orc priest
              (12 damage)
             ... on level 3 of the Dungeon.
             The game lasted 00:03:34 (2180 turns).

LORDOFBUTT the Covert (Kobold Assassin)             Turns: 2180, Time: 00:03:34

Health: 0/36       AC:  3    Str: 10    XL:     6   Next: 56%
Magic:  6/6        EV: 15    Int: 12    God:
Gold:   91         SH:  0    Dex: 19    Spells: 0 memorised, 5 levels left

rFire  . . .     SeeInvis .     o - +2 short sword (venom)
rCold  . . .     Gourm    .     c - +0 robe
rNeg   . . .     Faith    .     (shield restricted)
rPois  .         Spirit   .     (no helmet)
rElec  .         Dismiss  .     d - +0 cloak
rCorr  .         Reflect  .     (no gloves)
SustAt .         Harm     .     (no boots)
MR     .....                    i - amulet of regeneration
Stlth  +++++.....               (no ring)
                                j - +3 ring of intelligence

@: not resistant to hostile enchantments, quite stealthy
A: carnivore 3
a: no special abilities


You were on level 3 of the Dungeon.
You were full.

You visited 1 branch of the dungeon, and saw 3 of its levels.

You collected 91 gold pieces.

Inventory:

Hand Weapons
 b - a +0 blowgun
 o - a +2 short sword of venom (weapon)
Missiles
 e - 24 poisoned needles
 f - 2 curare-tipped needles
Armour
 c - a +0 robe (worn)
 d - a +0 cloak (worn)
Jewellery
 i - an amulet of regeneration (around neck)
 j - a +3 ring of intelligence (left hand)
 q - an uncursed ring of fire {unknown}
Scrolls
 h - 5 scrolls of identify {unknown}
 n - 4 scrolls of teleportation {unknown}
 r - a scroll of random uselessness {unknown}
 s - 2 scrolls of remove curse {unknown}
 v - a scroll of blinking {unknown}
Potions
 a - 2 potions of curing {unknown}
 g - a potion of might {unknown}
 k - a potion of magic {unknown}
 l - 2 potions of berserk rage {unknown}
 p - a potion of lignification {unknown}
 u - a potion of degeneration {unknown}
Comestibles
 m - a royal jelly
 t - a meat ration


   Skills:
 - Level 2.5 Fighting
 - Level 3.1 Short Blades
 + Level 2.6 Throwing
 - Level 2.2 Dodging
 + Level 9.4 Stealth


You had 5 spell levels left.
You didn't know any spells.

Dungeon Overview and Level Annotations

Branches:
Dungeon (3/15)

Altars:
Cheibriados
Makhleb


Innate Abilities, Weirdness & Mutations

You are small and have problems with some larger weapons.
You are carnivorous and can eat meat at any time.


Message History

You hit the orc.
You kill the orc!
You hit the orc.
You kill the orc!
You hit the orc.
The orc is poisoned.
The orc is heavily wounded.
You kill the orc!
You closely miss the orc. The orc hits you with a falchion.
You barely miss the orc. You puncture the orc priest!
The orc priest is poisoned.
The orc priest is heavily wounded.
The orc hits you with a falchion! The orc priest hits you with a mace!
You barely miss the orc. The orc misses you.
The orc priest hits you but does no damage.
You closely miss the orc. The orc hits you with a falchion.
You closely miss the orc priest.
The orc priest is severely wounded.
The orc priest mumbles some strange prayers to Beogh against you.
Pain shoots through your body!
You die...

####.#.##
###.###.###########.#
##.## ##......).....#
....###.#####.#######
.##..#.# #..†..##
.##.#.# ####)o)##
.#.#### .######†.#..#
.....# .......o###o#
.....# #.######o@#.o#
.....##.# ##....#
.......# ##.#.#
..<...## #.....
....#.### ##..###
.##.)...# ..#
..#.....####### ....
#......>......# ..##
..#......####.#


You could see an orc priest and an orc.

Vanquished Creatures
  Sigmund (D:3)
  Jessica (D:2)
  Natasha (D:3)
  An adder (D:2)
  An ooze (D:1)
  2 dart slugs
  A giant gecko (D:1)
  3 orcs (D:3)
  A ball python (D:1)
  2 giant cockroaches
  10 goblins
  11 hobgoblins
  4 jackals (D:3)
  A quokka (D:2)
  3 bats (D:1)
  3 giant newts
  6 kobolds
  2 rats (D:1)
54 creatures vanquished.

Notes
Turn   | Place    | Note
--------------------------------------------------------------
     0 | D:1      | LORDOFBUTT the Kobold Assassin began the quest for the Orb.
     0 | D:1      | Reached XP level 1. HP: 12/12 MP: 1/1
   331 | D:1      | Reached XP level 2. HP: 15/17 MP: 2/2
   343 | D:1      | Reached skill level 6 in Stealth
   460 | D:1      | Reached XP level 3. HP: 11/22 MP: 3/3
  1319 | D:2      | Noticed Jessica
  1328 | D:2      | Killed Jessica
  1328 | D:2      | Reached XP level 4. HP: 27/27 MP: 4/4
  1631 | D:2      | Reached skill level 7 in Stealth
  2029 | D:3      | Found a snail-covered altar of Cheibriados.
  2029 | D:3      | Found a burning altar of Makhleb.
  2080 | D:3      | Noticed Natasha
  2081 | D:3      | Noticed Sigmund
  2097 | D:3      | Killed Sigmund
  2097 | D:3      | Reached skill level 9 in Stealth
  2097 | D:3      | Reached XP level 5. HP: 20/31 MP: 5/5
  2097 | D:3      | Reached XP level 6. HP: 24/36 MP: 6/6
  2103 | D:3      | Killed Natasha
  2180 | D:3      | Killed from afar by an orc priest

Skill      XL: |  1  2  3  4 |
---------------+-------------+-----
Stealth        | 6 9 |  9.4
Short Blades   | 3 |  3.1
Dodging        | 2 |  2.2
Fighting       | |  2.5
Throwing       | |  2.6

Action                   |  1- 3 |  4- 6 || total
-------------------------+-------+-------++-------
Melee: Dagger            |    65 |       ||    65
       Short sword       |    18 |    55 ||    73
 Fire: Blowgun           |       |     6 ||     6
 Stab: Sleeping          |    12 |     7 ||    19
  Eat: Meat ration       |     1 |       ||     1
       Chunk             |       |     3 ||     3
Armor: Robe              |    14 |     8 ||    22
Dodge: Dodged            |    50 |    35 ||    85
